[Event "ICCopen2016"]
[Site "Internet Chess Club"]
[Date "2016.06.04"]
[Round "6"]
[White "Desotojags"]
[Black "attalone"]
[Result "0-1"]
[ICCResult "White forfeits on time"]
[WhiteElo "1442"]
[BlackElo "1208"]
[Opening "English: Caro-Kann defensive system"]
[ECO "A11"]
[NIC "EO.64"]
[Time "14:57:44"]
[TimeControl "180+0"]

1. c4 c6 2. g3 d5 3. cxd5 cxd5 4. d4 Nc6 5. Bg2 Nf6 6. Nf3 e6 7. O-O Be7 8.
a3 O-O 9. Nc3 Bd7 10. Be3 a6 11. Rc1 Rc8 12. b4 Na7 13. Ne5 Bb5 14. Re1 Bc4
15. Nxc4 Rxc4 16. Qb3 Qc8 17. Red1 h6 18. Na4 Rxc1 19. Rxc1 Qd7 20. Nc5 Bxc5
21. bxc5 Nc6 22. Qb6 Ne8 23. Rb1 Ne7 24. Qxb7 Qxb7 25. Rxb7 Nf5 26. c6 Nxe3
27. fxe3 Nd6 28. Rd7 Nc4 29. c7 Nb6 30. Rd6 Nc4 31. Rxa6 Rc8 32. Rc6 Nxe3
33. Bf3 Nc4 34. e4 dxe4 35. Bxe4 g6 36. d5 exd5 37. Bxd5 Ne5 38. Rc5 Kg7 39.
a4 Nd3 40. Rc6 Ne5 41. Rc1 Nd3 42. Rc3 Nb4 43. Bg2 Nd5 44. Rc5 Nxc7 45. a5
Kf6 46. a6 Ke7 47. Bb7 Nxa6 48. Rxc8 Kd7 {White forfeits on time} 0-1

[Event "ICCopen2016"]
[Site "Internet Chess Club"]
[Date "2016.06.04"]
[Round "6"]
[White "TooStrongForYou"]
[Black "nevidimka"]
[Result "0-1"]
[ICCResult "White forfeits on time"]
[WhiteElo "1584"]
[BlackElo "2012"]
[Opening "Petrov: Nimzovich attack"]
[ECO "C42"]
[NIC "RG.03"]
[Time "14:58:32"]
[TimeControl "180+0"]

1. e4 e5 2. Nf3 Nf6 3. Nxe5 d6 4. Nf3 Nxe4 5. Nc3 Nxc3 6. dxc3 Be7 7. Bf4
Nd7 8. Bd3 Nc5 9. Qd2 Bg4 10. O-O-O Qd7 11. h3 Bxf3 12. gxf3 Nxd3+ 13. cxd3
O-O-O 14. Qe3 Kb8 15. Rde1 Bf6 16. Bg5 Qf5 17. Bxf6 Qxf6 18. Rhg1 g6 19. Rg4
b6 20. Rf4 Qg7 21. Qe7 Qh6 22. Qe3 f5 23. Re4 Qxh3 24. Re7 Qh2 25. Qd4 Rc8
26. Qg7 Qxf2 27. Rh1 Rhg8 28. Qxh7 Qxf3 29. Rxc7 Rxc7 30. Qxg8+ Rc8 31. Qxg6
Qxh1+ 32. Kc2 Qh2+ 33. Kb3 Qe5 34. a4 f4 35. a5 Qb5+ 36. Kc2 Qxa5 37. Qxd6+
Rc7 38. Qxf4 Qc5 39. Qg3 a5 40. Qg8+ Ka7 41. Qd8 Qc6 42. Qd4 Rd7 43. Qe4
Qxe4 44. dxe4 Re7 {White forfeits on time} 0-1

[Event "ICCopen2016"]
[Site "Internet Chess Club"]
[Date "2016.06.04"]
[Round "6"]
[White "queenfish"]
[Black "Lucas"]
[Result "0-1"]
[ICCResult "White forfeits on time"]
[WhiteElo "1913"]
[BlackElo "2326"]
[Opening "English: symmetrical, main line with d4"]
[ECO "A39"]
[NIC "EO.26"]
[Time "14:58:07"]
[TimeControl "180+0"]

1. c4 c5 2. Nc3 Nc6 3. Nf3 g6 4. g3 Bg7 5. Bg2 Nf6 6. O-O O-O 7. d4 cxd4 8.
Nxd4 Qa5 9. h3 d6 10. Nb3 Qh5 11. e4 Qxd1 12. Rxd1 Ne5 13. Nd5 Nxd5 14. cxd5
Bd7 15. Nd4 Rfc8 16. b3 Be8 17. Be3 a6 18. Rac1 Nd7 19. Ne2 b5 20. Rxc8 Rxc8
21. Rc1 Rxc1+ 22. Nxc1 Nc5 23. f3 a5 24. Bf1 a4 25. bxa4 Nxa4 26. Nb3 Nc3
27. a3 Nb1 28. Bc1 Bd7 29. g4 Kf8 30. Bd3 Nc3 31. Kf2 Nd1+ 32. Ke1 Nb2 33.
Ke2 Nc4 34. Nd2 Na5 35. Nf1 Ke8 36. Ne3 Kd8 37. Nc2 Kc7 38. Be3 Nb3 39. Nb4
Nc5 40. Bxc5 dxc5 41. Nc2 Kb6 42. Ne1 Bc3 43. Bc2 Bb2 {White forfeits on
time} 0-1

[Event "ICCopen2016"]
[Site "Internet Chess Club"]
[Date "2016.06.04"]
[Round "6"]
[White "MoonlightWizard"]
[Black "khekhm"]
[Result "0-1"]
[ICCResult "White resigns"]
[WhiteElo "2903"]
[BlackElo "2581"]
[Opening "Sicilian: Nimzovich-Rubinstein variation"]
[ECO "B29"]
[NIC "SI.43"]
[Time "14:58:31"]
[TimeControl "180+0"]

1. e4 c5 2. Nf3 Nf6 3. Nc3 Nc6 4. d4 d5 5. exd5 Nxd5 6. Bb5 Nxc3 7. bxc3 e6
8. O-O Be7 9. Ne5 Bd7 10. Bxc6 Bxc6 11. Ba3 Qd5 12. f3 cxd4 13. Nxc6 Bxa3
14. Nxd4 O-O 15. Qd3 Rac8 16. Rab1 Bc5 17. Kh1 Rfd8 18. Rfd1 Qxa2 19. Rxb7
e5 20. Qf5 exd4 21. cxd4 Bf8 22. d5 f6 23. Qe6+ Kh8 24. h4 a5 25. h5 Qxc2
26. Re1 Qd2 27. Rb5 Rc2 28. Rg1 a4 29. d6 Qxd6 30. Qe4 Rc5 31. Qxa4 Qd5 32.
Rxc5 Qxc5 33. Qg4 Rd5 34. g3 Rxh5+ 35. Kg2 Qc2+ 36. Kf1 Rd5 {White resigns}
0-1

[Event "ICCopen2016"]
[Site "Internet Chess Club"]
[Date "2016.06.04"]
[Round "6"]
[White "RussianCowboy"]
[Black "Antidrome"]
[Result "0-1"]
[ICCResult "White checkmated"]
[WhiteElo "2052"]
[BlackElo "2610"]
[Opening "Sicilian"]
[ECO "B50"]
[NIC "SI.01"]
[Time "14:58:24"]
[TimeControl "180+0"]

1. e4 c5 2. Nf3 d6 3. c3 Nf6 4. Be2 Bg4 5. O-O e6 6. Re1 Be7 7. h3 Bh5 8. e5
dxe5 9. Nxe5 Bxe2 10. Qxe2 O-O 11. a4 Nbd7 12. Nc4 Qc7 13. d3 Rfd8 14. Nba3
a6 15. a5 Nd5 16. Qg4 Bf6 17. Nc2 Nf8 18. h4 Rd7 19. g3 Rad8 20. h5 Qc6 21.
Re2 Ne7 22. Ne1 Nf5 23. Bf4 Qb5 24. Be5 Bxe5 25. Nxe5 Rc7 26. Nc4 f6 27. Nf3
Qc6 28. Ne1 Rcd7 29. Rc1 Qc7 30. Qe4 Qc6 31. Qxc6 bxc6 32. Nb6 Re7 33. Nc4
e5 34. Re4 Ne6 35. Kg2 Ng5 36. Re2 g6 37. Nf3 Nxf3 38. Kxf3 gxh5 39. Rd1 Ng7
40. Nb6 Ne6 41. Ke3 Ng5 42. Rh1 Kg7 43. Rxh5 Kg6 44. Rh1 h5 45. Ree1 f5 46.
Ke2 f4 47. Kd2 e4 48. Kc2 exd3+ 49. Kd2 Nf3+ 50. Kd1 Rxe1+ 51. Rxe1 Nxe1 52.
Kxe1 fxg3 53. fxg3 d2+ 54. Kd1 Kg5 55. Nc4 Kg4 56. Nxd2 Kxg3 57. Ke2 Rxd2+
58. Kxd2 h4 59. Kd3 h3 60. Kc4 h2 61. Kxc5 h1=Q 62. Kb4 Qd5 63. c4 Qd4 64.
b3 Qd2+ 65. Ka4 Kf4 66. c5 Ke5 67. b4 Qa2# {White checkmated} 0-1

[Event "ICCopen2016"]
[Site "Internet Chess Club"]
[Date "2016.06.04"]
[Round "6"]
[White "HeyBooBooULose"]
[Black "ebochess"]
[Result "1-0"]
[ICCResult "Black forfeits on time"]
[WhiteElo "1347"]
[BlackElo "1484"]
[Opening "Caro-Kann defense"]
[ECO "B15"]
[NIC "CK.05"]
[Time "14:58:18"]
[TimeControl "180+0"]

1. e4 c6 2. d4 d5 3. Nc3 dxe4 4. Nxe4 Nf6 5. Ng5 c5 6. Bc4 e6 7. Nxf7 Kxf7
8. Qf3 Qxd4 9. Bb3 Qe5+ 10. Be3 Nc6 11. Ne2 Be7 12. O-O Rd8 13. Bf4 Qxb2 14.
Rab1 Qa3 15. Bg5 h6 16. Bh4 Ne5 17. Qf5 Ng6 18. Bxf6 gxf6 19. Nf4 Nxf4 20.
Qxf4 Rd4 21. Qxh6 c4 22. Qh7+ Ke8 23. Qg8+ Kd7 24. Rbd1 Rxd1 25. Rxd1+ Kc7
26. Qe8 cxb3 27. axb3 Qc5 28. b4 Qc6 29. Qxe7+ Kb6 30. b5 Qc5 31. Rd6+ Kxb5
32. Qe8+ Kc4 33. Rd3 Kb4 34. Rb3+ Ka5 35. Qd8+ b6 36. Qd2+ Ka6 37. Qc1 Kb7
38. h3 Bd7 39. Qa1 Bc6 40. Rc3 Qxc3 41. Qxc3 Rd8 42. Kh2 Rd5 43. Qxf6 Rc5
44. Qxe6 Bd5 45. Qe7+ Ka6 46. c3 Rxc3 47. Qd6 Bc4 48. Qb4 Rc2 49. Qa3+
{Black forfeits on time}
1-0

[Event "ICCopen2016"]
[Site "Internet Chess Club"]
[Date "2016.06.04"]
[Round "6"]
[White "Platyborg"]
[Black "whiteshark"]
[Result "1-0"]
[ICCResult "Black resigns"]
[WhiteElo "2931"]
[BlackElo "2536"]
[Opening "French: Tarrasch, closed variation"]
[ECO "C05"]
[NIC "FR.17"]
[Time "14:58:14"]
[TimeControl "180+0"]

1. e4 e6 2. d4 d5 3. Nd2 Nf6 4. e5 Nfd7 5. Bd3 c5 6. c3 Nc6 7. Ngf3 g6 8. h4
h6 9. Nb1 b6 10. Be3 Be7 11. Qc1 h5 12. a3 Qc7 13. Nbd2 Bb7 14. b4 c4 15.
Bc2 b5 16. a4 bxa4 17. Bxa4 Nb6 18. Bc2 a5 19. bxa5 Rxa5 20. Rxa5 Nxa5 21.
Bg5 Bxg5 22. Nxg5 Bc6 23. Qa3 Nb7 24. O-O Qe7 25. Qa7 Nc8 26. Qa6 Qd7 27.
Rb1 O-O 28. Nf1 Ne7 29. Ne3 Qc7 30. g4 Qa5 31. Qxa5 Nxa5 32. gxh5 gxh5 33.
Kh2 Ra8 34. Rg1 Kf8 35. Nh7+ Ke8 36. Nf6+ Kd8 37. Rg7 Be8 38. Rh7 Kc7 39.
Rh8 Bc6 40. Rxh5 Nb3 41. Rh7 Rf8 42. h5 Ba4 43. Bg6 Nd2 44. Rxf7 Nf3+ 45.
Kg3 Rxf7 46. Bxf7 Ng5 47. Bg6 Kd8 48. f4 Ne4+ 49. Bxe4 dxe4 50. h6 Bc6 51.
h7 Ng6 52. f5 exf5 53. Nxf5 Nh8 54. d5 Be8 55. Kf4 Bg6 56. Nd4 e3 57. Kxe3
Ke7 58. Kf4 Kf7 59. d6 Kg7 60. Ne6+ Kf7 61. d7 Kxe6 62. d8=Q Bxh7 63. Qd5+
{Black resigns}
1-0

[Event "ICCopen2016"]
[Site "Internet Chess Club"]
[Date "2016.06.04"]
[Round "6"]
[White "toguho"]
[Black "eternalwarrior"]
[Result "0-1"]
[ICCResult "White forfeits on time"]
[WhiteElo "1536"]
[BlackElo "1406"]
[Opening "Sicilian: closed"]
[ECO "B23"]
[NIC "SI.44"]
[Time "14:57:56"]
[TimeControl "180+0"]

1. e4 c5 2. Nc3 d6 3. f4 g6 4. Nf3 Bg7 5. d3 Nc6 6. h3 Nf6 7. g4 h6 8. Bg2
Qc7 9. Ne2 b5 10. a4 b4 11. Ng3 a5 12. O-O Ba6 13. c3 O-O 14. g5 hxg5 15.
fxg5 Nd7 16. Bf4 bxc3 17. bxc3 Bxc3 18. Rc1 Bg7 19. h4 Rab8 20. h5 Nde5 21.
Nh4 Nxd3 22. Rc2 Nxf4 23. Rxf4 Bd4+ 24. Kh1 Qd7 25. Qf3 Ne5 26. Qd1 Ng4 27.
hxg6 Nf2+ 28. Rcxf2 Bxf2 29. gxf7+ Rxf7 30. Rxf7 Kxf7 31. Qh5+ Kf8 32. Ng6+
Ke8 33. Ne5+ Kd8 34. Nxd7 Rb1+ 35. Kh2 Bg1+ 36. Kh3 Bc8 37. Nf5 Bxd7 38.
Qh8+ Kc7 39. Qc3 Bf2 40. Qxa5+ Kc6 41. Qa6+ Rb6 42. Qe2 Bd4 43. Kh4 Bxf5 44.
exf5+ Kc7 45. Qxe7+ Kb8 46. f6 Rb4 47. f7 Bg7+ 48. Kh5 Rh4+ 49. Kxh4 Bf8 50.
Qxf8+ Ka7 51. Qe7+ Kb6 {White forfeits on time} 0-1

[Event "ICCopen2016"]
[Site "Internet Chess Club"]
[Date "2016.06.04"]
[Round "6"]
[White "olimpus"]
[Black "Ancient"]
[Result "0-1"]
[ICCResult "White resigns"]
[WhiteElo "2622"]
[BlackElo "2096"]
[Opening "Mieses opening"]
[ECO "A00"]
[NIC "VO.13"]
[Time "14:58:09"]
[TimeControl "180+0"]

1. d3 e6 2. g3 d5 3. Nf3 Nf6 4. Bg2 b5 5. O-O Nbd7 6. Nbd2 Bb7 7. e4 dxe4 8.
Ng5 Rb8 9. Ngxe4 Be7 10. a4 b4 11. Nc4 O-O 12. Na5 Bd5 13. Be3 Nb6 14. Qe2
Qc8 15. Rfd1 Qa6 16. Nxf6+ Bxf6 17. Bxd5 Nxd5 18. Nc4 b3 19. c3 Rfd8 20. h4
Bxc3 21. bxc3 Nxc3 22. Qb2 Nxd1 23. Rxd1 Qxa4 24. Ne5 Qa2 25. Bc1 Rb5 26.
Nc6 Rd6 27. Nd4 Qxb2 28. Bxb2 Rbd5 29. Rb1 Rxd4 30. Bxd4 Rxd4 31. Rxb3 g6
32. h5 gxh5 33. Ra3 c5 34. Kf1 Kg7 35. Ke2 h4 36. Ke3 hxg3 37. fxg3 Kf6 38.
Rxa7 Rd5 39. Rc7 Re5+ 40. Kf4 Rf5+ 41. Ke4 h5 42. Rc8 Kg7 43. Rb8 Rd5 44.
Rb1 Kf6 45. Rf1+ Kg6 46. Rg1 f5+ 47. Ke3 Kg5 48. Rh1 Kg4 49. Rh4+ Kxg3 50.
Rf4 Re5+ 51. Re4 Rxe4+ 52. Kd2 Rd4 53. Kc3 Rxd3+ 54. Kxd3 c4+ 55. Kd4 f4 56.
Ke5 f3 {White resigns} 0-1

[Event "ICCopen2016"]
[Site "Internet Chess Club"]
[Date "2016.06.04"]
[Round "6"]
[White "TIGRANO"]
[Black "chigamaster"]
[Result "0-1"]
[ICCResult "White forfeits on time"]
[WhiteElo "3110"]
[BlackElo "3010"]
[Opening "Réti: King's Indian attack, Pachman system"]
[ECO "A00"]
[NIC "VO.09"]
[Time "14:57:51"]
[TimeControl "180+0"]

1. g3 g6 2. Bg2 Bg7 3. Nf3 d5 4. O-O e5 5. d3 Ne7 6. Nbd2 O-O 7. e4 Nbc6 8.
c3 h6 9. Re1 dxe4 10. dxe4 Be6 11. Qe2 Qd7 12. Nc4 Rad8 13. Ne3 Qd3 14. Qxd3
Rxd3 15. Bf1 Rd7 16. b4 f5 17. Bc4 Bxc4 18. Nxc4 b5 19. Ne3 f4 20. gxf4 exf4
21. Nd5 Nxd5 22. exd5 Rxd5 23. Bb2 g5 24. h3 Rd3 25. Kg2 Bxc3 26. Bxc3 Rxc3
27. Rad1 Kg7 28. Re6 Rf7 29. a3 Re7 30. Rxe7+ Nxe7 31. Nd4 a6 32. Ne6+ Kf6
33. Nc5 Rxa3 34. Rd7 Nf5 35. Rxc7 Nh4+ 36. Kh2 Ra2 37. Rc6+ Kf5 38. Kg1 Nf3+
39. Kg2 Ne1+ 40. Kf1 Nf3 41. Rxh6 Ra1+ 42. Ke2 Nd4+ 43. Kd3 Rd1+ 44. Kc3
Ne2+ 45. Kc2 Rf1 46. Nxa6 Rxf2 47. Nc7 Ng3+ 48. Kd3 Rf3+ 49. Kd4 Ne2+ 50.
Kc5 Rc3+ 51. Kb6 Rd3 52. Nd5 Rxd5 53. Kc6 Re5 54. Rh8 Nd4+ 55. Kd6 Ke4 56.
Re8 Rxe8 {White forfeits on time} 0-1

[Event "ICCopen2016"]
[Site "Internet Chess Club"]
[Date "2016.06.04"]
[Round "6"]
[White "Danya"]
[Black "PazificDreams"]
[Result "1-0"]
[ICCResult "Black forfeits on time"]
[WhiteElo "3026"]
[BlackElo "2691"]
[Opening "Réti opening"]
[ECO "A05"]
[NIC "QP.11"]
[Time "14:57:52"]
[TimeControl "180+0"]

1. Nf3 Nf6 2. Nc3 Nc6 3. d4 d5 4. Bf4 a6 5. e3 Bg4 6. Be2 e6 7. h3 Bh5 8.
O-O Bd6 9. Ne5 Bxe2 10. Qxe2 Bxe5 11. dxe5 Nd7 12. Qg4 Kf8 13. Qg3 h6 14. h4
Qe7 15. Rad1 Rd8 16. e4 d4 17. Ne2 Nb6 18. c3 dxc3 19. Nxc3 Kg8 20. Rxd8+
Qxd8 21. Rd1 Qe7 22. Nd5 exd5 23. exd5 Nb4 24. d6 cxd6 25. exd6 Qe6 26. Be5
f6 27. Bc3 Nc6 28. Re1 Qf7 29. Qg4 h5 30. Qf5 Nd7 31. Re6 Rh6 32. Qe4 Nde5
33. Qd5 Kh7 34. Qe4+ Rg6 35. Qf5 Kg8 36. Kh1 Rg4 37. g3 Qg6 38. Qxg6 Rxg6
39. Re8+ Kf7 40. Rc8 Ke6 41. Rc7 Nd8 42. Bb4 Nec6 43. Ba3 Rh6 44. Rxg7 Rh8
45. Rc7 Kd5 46. Kg2 b5 47. d7 b4 48. Bxb4 Re8 49. Bc3 Re4 50. Bxf6 Kd6 51.
Bxd8 Nxd8 52. Ra7 Re7 53. Rxa6+ Kxd7 54. Ra7+ Ke8 55. Rxe7+ Kxe7 56. f3 Ke6
57. g4 Nf7 58. Kg3 Nh6 59. g5 Nf5+ 60. Kh3 Ng7 61. a4 Nf5 62. a5 Ng7 63. a6
Kd6 64. a7 Ne6 65. a8=Q Nf4+ 66. Kg3 Ne2+ 67. Kf2 Nd4 68. Ke3 Nc6 69. Qxc6+
Kxc6 70. g6 Kd6 71. g7 Ke6 72. g8=Q+ Kf5 73. Qf7+ Ke5 74. Qe7+ Kd5 75. Qe4+
Kc5 76. Qf5+ Kb4 77. Qxh5 Kb3 78. Qb5+ Ka2 79. h5 {Black forfeits on time}
1-0

[Event "ICCopen2016"]
[Site "Internet Chess Club"]
[Date "2016.06.04"]
[Round "6"]
[White "oriGinal"]
[Black "Hell-Rell"]
[Result "0-1"]
[ICCResult "White resigns"]
[WhiteElo "1788"]
[BlackElo "2178"]
[Opening "Trompowsky attack (Ruth, Opocenský opening)"]
[ECO "A45"]
[NIC "QP.07"]
[Time "14:58:59"]
[TimeControl "180+0"]

1. d4 Nf6 2. Bg5 Ne4 3. Bf4 c5 4. e3 Qa5+ 5. c3 d6 6. Bd3 Nf6 7. Nf3 Nc6 8.
O-O e6 9. Nbd2 Be7 10. Bg5 h6 11. Bh4 O-O 12. Qe2 cxd4 13. exd4 Qh5 14. h3
Bd7 15. g4 Qa5 16. Nc4 Qc7 17. Rae1 Rad8 18. Bxf6 Bxf6 19. Qe4 g6 20. Qe3
Bg7 21. h4 Ne7 22. Ncd2 Nd5 23. Qe4 Bc6 24. Qe2 Ne7 25. Ne4 Nd5 26. Qd2 Qa5
27. a3 Qc7 28. g5 h5 29. Nh2 e5 30. dxe5 dxe5 31. Qc1 Nf4 32. Bc4 Bxe4 33.
Rxe4 Rd7 34. Nf3 Rfd8 35. Bb3 Qc6 36. Rfe1 Nd3 37. Qe3 Nxe1 38. Qxe1 Qb6 39.
Bc4 Rd1 40. Nxe5 Rxe1+ 41. Rxe1 Rf8 42. b3 Qa5 43. Nd7 Qxc3 44. Nxf8 Qxe1+
45. Kg2 Bxf8 {White resigns} 0-1

[Event "ICCopen2016"]
[Site "Internet Chess Club"]
[Date "2016.06.04"]
[Round "6"]
[White "Baltimora"]
[Black "Freedoom"]
[Result "0-1"]
[ICCResult "White forfeits on time"]
[WhiteElo "2262"]
[BlackElo "1937"]
[Opening "QGD"]
[ECO "D30"]
[NIC "QP.08"]
[Time "14:57:51"]
[TimeControl "180+0"]

1. d4 d5 2. c4 e6 3. Nf3 Nf6 4. Bg5 Be7 5. Nbd2 Nbd7 6. Qc2 O-O 7. e3 b6 8.
cxd5 exd5 9. Bd3 Bb7 10. O-O c5 11. Bf5 g6 12. Bh3 Kg7 13. dxc5 bxc5 14.
Rad1 Nb6 15. Nb3 Bc8 16. Bxc8 Rxc8 17. Ne5 Re8 18. h3 h6 19. Bf4 Bd6 20. Nf3
Bxf4 21. exf4 d4 22. g3 Qd5 23. Ne5 Ne4 24. Rfe1 Nd6 25. Nd2 c4 26. Ne4 d3
27. Nxd6 Qxd6 28. Qc3 Na4 29. Qa5 Nxb2 30. Rb1 c3 31. Qxa7 Re7 32. Nc4 Rxe1+
33. Rxe1 Nxc4 34. Re7 Qf6 35. Qd7 c2 36. Qxc8 c1=Q+ 37. Kg2 Qxe7 38. Qc6 Qe2
39. Qd5 Ne3+ {White forfeits on time} 0-1

[Event "ICCopen2016"]
[Site "Internet Chess Club"]
[Date "2016.06.04"]
[Round "6"]
[White "Panesso"]
[Black "Peretyatko"]
[Result "0-1"]
[ICCResult "White forfeits on time"]
[WhiteElo "2268"]
[BlackElo "2763"]
[Opening "Sicilian: Nimzovich-Rossolimo attack (with ...g6, without ...d6)"]
[ECO "B31"]
[NIC "SI.31"]
[Time "14:58:09"]
[TimeControl "180+0"]

1. e4 c5 2. Nf3 Nc6 3. Bb5 g6 4. Bxc6 dxc6 5. d3 Bg4 6. h3 Bxf3 7. Qxf3 Bg7
8. Nc3 Nf6 9. Be3 Nd7 10. Qe2 e5 11. Qd2 O-O 12. Bh6 Qe7 13. Bxg7 Kxg7 14.
h4 h5 15. f3 Rh8 16. O-O-O Nf8 17. Qf2 Ne6 18. g4 Nf4 19. Kb1 Rad8 20. g5
Rd7 21. Ne2 Rhd8 22. Nxf4 exf4 23. Qd2 Qe5 24. c3 b5 25. Qc2 a5 26. Rd2 a4
27. a3 Qe6 28. Ka1 Kh7 29. Kb1 Rd6 30. Ka1 R8d7 31. Kb1 Rd8 32. Ka1 Qc8 33.
Kb1 Qb7 34. Rhd1 b4 35. cxb4 cxb4 36. Qxa4 bxa3 37. Qxa3 Qd7 38. Qb3 Kg8 39.
d4 Qh3 40. d5 Qxh4 41. Qb4 cxd5 42. Rxd5 Rxd5 43. Rxd5 Rf8 44. Qe7 Qe1+ 45.
Kc2 Qe2+ 46. Kc1 Qf1+ 47. Kc2 Qf2+ 48. Kc1 Qg1+ 49. Kc2 Rc8+ 50. Kb3 Rb8+
51. Ka2 Ra8+ 52. Kb3 Qe3+ 53. Kb4 Rb8+ 54. Kc4 Qb3+ 55. Kd4 Qxb2+ 56. Kc5
Qb4+ 57. Kc6 Qxe7 {White forfeits on time} 0-1

[Event "ICCopen2016"]
[Site "Internet Chess Club"]
[Date "2016.06.04"]
[Round "6"]
[White "VrloJakMK"]
[Black "Astaneh"]
[Result "0-1"]
[ICCResult "White resigns"]
[WhiteElo "2193"]
[BlackElo "2734"]
[Opening "Grünfeld with Bf4 & e3"]
[ECO "D93"]
[NIC "GI.07"]
[Time "14:58:38"]
[TimeControl "180+0"]

1. d4 Nf6 2. c4 g6 3. Nc3 d5 4. Nf3 Bg7 5. Bf4 O-O 6. e3 c6 7. h3 a6 8. Rc1
dxc4 9. Bxc4 b5 10. Bb3 Bb7 11. O-O Nbd7 12. Qe2 c5 13. dxc5 Nxc5 14. Rfd1
Qb6 15. Nd5 Bxd5 16. Bxd5 Rad8 17. e4 e6 18. Be3 Rc8 19. b4 exd5 20. bxc5
Qe6 21. exd5 Nxd5 22. Qd2 Nxe3 23. Qxe3 Qxa2 24. c6 b4 25. Qb6 b3 26. c7 b2
27. Rb1 a5 28. Nd4 Rxc7 29. Qxc7 Bxd4 30. Qf4 Bg7 31. Qe4 a4 32. Rd5 Qb3 33.
Qd3 Qxd3 34. Rxd3 Rc8 {White resigns} 0-1

[Event "ICCopen2016"]
[Site "Internet Chess Club"]
[Date "2016.06.04"]
[Round "6"]
[White "Fighterman"]
[Black "Indiana-Jones"]
[Result "0-1"]
[ICCResult "White forfeits on time"]
[WhiteElo "2577"]
[BlackElo "2830"]
[Opening "Sicilian: Najdorf, Byrne (English) attack"]
[ECO "B90"]
[NIC "SI.14"]
[Time "14:58:27"]
[TimeControl "180+0"]

1. e4 c5 2. Nf3 d6 3. d4 cxd4 4. Nxd4 Nf6 5. Nc3 a6 6. Be3 e6 7. Be2 Qc7 8.
O-O b5 9. a4 b4 10. Na2 Nxe4 11. Nxb4 Bb7 12. Bf3 d5 13. Nd3 Bd6 14. g3 Nd7
15. Rc1 O-O 16. Bg2 Rac8 17. c3 Nb6 18. f3 Nc4 19. Qe2 Nxe3 20. Qxe3 Nc5 21.
Nxc5 Bxc5 22. f4 a5 23. Kh1 Ba6 24. Rfd1 Rb8 25. b4 axb4 26. cxb4 Rxb4 27.
Nb5 Bxe3 28. Rxc7 Rxa4 29. Nd6 g6 30. Rb1 Bd3 31. Rd1 Bb6 32. Rb7 Be2 33.
Re1 Ba5 34. Rxe2 Ra1+ 35. Bf1 Rxf1+ 36. Kg2 Rc1 37. Ra2 Bc7 38. Nb5 Rb1 39.
Raa7 Bd8 40. g4 Bf6 41. f5 exf5 42. gxf5 gxf5 43. Nd6 Rxb7 44. Rxb7 f4 45.
Nf5 Re8 46. Kf3 Be5 47. Nh6+ Kg7 48. Nxf7 Kf6 49. Nxe5 Kxe5 50. Rxh7 Rf8 51.
Rh8 Rxh8 52. h4 Rxh4 53. Kg2 f3+ {White forfeits on time} 0-1

[Event "ICCopen2016"]
[Site "Internet Chess Club"]
[Date "2016.06.04"]
[Round "6"]
[White "hhex"]
[Black "tangent"]
[Result "0-1"]
[ICCResult "White forfeits on time"]
[WhiteElo "1630"]
[BlackElo "1944"]
[Opening "Catalan: closed, 6...Nbd7"]
[ECO "E07"]
[NIC "CA.04"]
[Time "14:58:04"]
[TimeControl "180+0"]

1. d4 Nf6 2. c4 e6 3. g3 d5 4. Bg2 Be7 5. Nf3 O-O 6. O-O Nbd7 7. b3 b6 8.
Bb2 Bb7 9. Nc3 c5 10. Ne5 Nxe5 11. dxe5 Ne4 12. Nxe4 dxe4 13. Qc2 Qc7 14.
Bxe4 h6 15. Rfd1 Rfd8 16. Bxb7 Qxb7 17. f4 g6 18. Rd3 Kg7 19. Rad1 Rxd3 20.
Rxd3 Qe4 21. Qd2 g5 22. e3 Rg8 23. Rd7 Bf8 24. Qd3 Qf3 25. e4 Qxd3 26. Rxd3
gxf4 27. gxf4 Kh7+ 28. Kf2 Rg4 29. Bc1 Be7 30. Rd7 Bh4+ 31. Kf3 Rg7 32. f5
exf5 33. exf5 Kg8 34. Rd8+ Kh7 35. e6 Bxd8 36. Bb2 f6 37. Bc1 Be7 38. Bf4
Rg1 39. Ke4 Re1+ 40. Kd5 Ra1 41. Kc6 Rd1 {White forfeits on time} 0-1

[Event "ICCopen2016"]
[Site "Internet Chess Club"]
[Date "2016.06.04"]
[Round "6"]
[White "LittleMaster"]
[Black "shredded"]
[Result "0-1"]
[ICCResult "White forfeits on time"]
[WhiteElo "2343"]
[BlackElo "2805"]
[Opening "French: exchange variation"]
[ECO "C01"]
[NIC "FR.01"]
[Time "14:58:06"]
[TimeControl "180+0"]

1. e4 e6 2. d4 d5 3. exd5 exd5 4. Be2 Bd6 5. Nf3 Nf6 6. c3 Bf5 7. Be3 c6 8.
Nbd2 Nbd7 9. O-O O-O 10. Re1 h6 11. Nf1 Re8 12. Bd3 Ne4 13. Ng3 Bg6 14. Bxe4
dxe4 15. Nd2 f5 16. Nc4 Bc7 17. f4 exf3 18. Qxf3 b5 19. Nd2 Rxe3 20. Qxe3 f4
21. Qe6+ Bf7 22. Qxc6 fxg3 23. hxg3 Bxg3 24. Rf1 Nf6 25. Qf3 Bd6 26. Ne4 Be7
27. Rae1 Rb8 28. a3 a5 29. Ng3 Bd5 30. Qe3 Bf8 31. Nf5 Qe8 32. Qg3 Ne4 33.
Qg4 Rb6 34. Ng3 Re6 35. Nxe4 Rxe4 36. Rxe4 Qxe4 37. Qxe4 Bxe4 38. Re1 Bd3
39. Re5 Kf7 40. Kf2 Bd6 41. Rd5 Ke6 42. Rh5 Bc4 43. b3 Bd3 44. Ke3 Bf1 45.
Rh1 Bxg2 46. Rg1 Bd5 47. Rxg7 Bxb3 48. Rg6+ Kd5 49. Rxh6 Bxa3 50. Rh5+ Kc4
51. d5 Bc5+ 52. Ke4 a4 53. Rh1 a3 54. d6 Bxd6 55. Kf5 Kxc3 56. Rh3+ Kb4 57.
Rh1 Bc4 58. Ke4 Bc5 59. Ke5 a2 60. Ra1 Ka3 61. Re1 Kb2 62. Rd1 a1=Q 63. Rxa1
Kxa1 64. Ke4 b4 65. Ke5 b3 66. Kf4 Ka2 67. Ke4 Ka3 68. Ke5 Kb4 69. Kf6 Kb5
70. Kf5 Kb6 71. Kg5 Kb5 72. Kf5 Kb4 73. Kg5 Kc3 74. Kg4 Kd2 75. Kh3 Ke1 76.
Kg2 Kd1 {White forfeits on time} 0-1

[Event "ICCopen2016"]
[Site "Internet Chess Club"]
[Date "2016.06.04"]
[Round "6"]
[White "zealous"]
[Black "airantrobo"]
[Result "0-1"]
[ICCResult "White forfeits on time"]
[WhiteElo "1774"]
[BlackElo "1547"]
[Opening "QGD: Ragozin variation"]
[ECO "D38"]
[NIC "NI.27"]
[Time "14:58:19"]
[TimeControl "180+0"]

1. d4 Nf6 2. c4 e6 3. Nf3 d5 4. Nc3 Bb4 5. Qc2 O-O 6. Bg5 h6 7. Bh4 g5 8.
Bg3 c5 9. e3 Nc6 10. dxc5 Bxc5 11. Be2 Bd7 12. O-O Re8 13. Rfd1 Qe7 14. cxd5
exd5 15. Nxd5 Nxd5 16. Rxd5 Bb6 17. Rad1 Nb4 18. Qc3 Nxd5 19. Rxd5 Be6 20.
Rd1 Rac8 21. Qe5 Bxa2 22. h3 Qxe5 23. Bxe5 Red8 24. Rxd8+ Rxd8 25. Bc3 Bb3
26. Ne5 Bd1 27. Bc4 Bh5 28. g4 Rd1+ 29. Kg2 Bxg4 30. hxg4 Kg7 31. Nxf7+ Kg6
32. Ne5+ Kh7 33. Bd3+ Kg8 34. Be4 Bc7 35. Bxb7 Bxe5 36. Bxe5 Rd7 37. Bc6 Rd2
38. e4 Kf7 39. Bd5+ Ke7 40. Kg3 a5 41. Bc3 Rd1 42. Bxa5 Ra1 43. Bc3 Rc1 44.
Kf3 Kd6 45. Ke3 Kc5 46. Kd3 Rh1 47. Bg7 Rh3+ 48. Ke2 Kb4 49. b3 Rh2 50. Bc4
Kc5 51. e5 Rh3 52. e6 Rh4 53. e7 Rxg4 54. e8=Q h5 55. Qe5+ Kb4
{White forfeits on time}
0-1

[Event "ICCopen2016"]
[Site "Internet Chess Club"]
[Date "2016.06.04"]
[Round "6"]
[White "Svinotigr"]
[Black "nadalthegreat"]
[Result "0-1"]
[ICCResult "White forfeits on time"]
[WhiteElo "1648"]
[BlackElo "1927"]
[Opening "Réti opening"]
[ECO "A05"]
[NIC "QP.11"]
[Time "14:58:21"]
[TimeControl "180+0"]

1. Nf3 Nf6 2. d3 g6 3. Nbd2 Bg7 4. e4 d6 5. Qe2 Nc6 6. g3 Bg4 7. c3 b5 8.
Bg2 b4 9. c4 Nd4 10. Qd1 Nxf3+ 11. Nxf3 O-O 12. O-O c6 13. h4 d5 14. Qc2
dxe4 15. dxe4 Qc8 16. Nh2 Bh3 17. e5 Bxg2 18. exf6 Bxf1 19. fxg7 Kxg7 20.
Nxf1 Qh3 21. Be3 e5 22. Bc5 Rfe8 23. Bxb4 Rad8 24. Bc3 Qg4 25. b3 f5 26. Nh2
Qh3 27. Qe2 f4 28. Qg4 Qxg4 29. Nxg4 fxg3 30. fxg3 Rd3 31. Bxe5+ Kf7 32. Bf4
Re2 33. Ne5+ Rxe5 34. Bxe5 Ke6 35. Bf4 Kf5 36. Re1 h5 37. Kg2 Rc3 38. Re5+
Kf6 39. Re2 Rd3 40. Bg5+ Kf7 41. Rf2+ Ke6 42. Rf3 Rd4 43. Kh3 Kd7 44. Bh6
Rd1 45. Rf7+ Ke6 46. Rxa7 Ke5 47. Rc7 Rh1+ 48. Kg2 Rg1+ 49. Kxg1 Ke4 50. b4
Kd3 51. b5 Ke2 52. c5 Kf3 53. bxc6 Kg4 54. Rg7 Kf3 {White forfeits on time}
0-1